 Dungeon Sprint DCSS version 0.29-a0-925-g0a7a3d12f8 (webtiles) character file.

Game seed: 8428472229125895209

1920 Hipnos the Basher (level 8, 0/93 HPs)
             Began as a Troll Berserker on July 28, 2022.
             Was a Priest of Trog.
             Slain by an elephant (11 damage)
             ... in the Dungeon (Sprint II: "The Violet Keep of Menkaure").
             The game lasted 00:09:29 (454 turns).

Hipnos the Basher (Troll Berserker)                  Turns: 454, Time: 00:09:29

Health: 0/93       AC:  8    Str: 28      XL:     8   Next: 96%
Magic:  7/7        EV: 12    Int:  3      God:    Trog [***...]
Gold:   261        SH:  0    Dex:  8 (9)  Spells: 7/7 levels left

rFire   + . .      SeeInvis .   a - +0 mace
rCold   + . .      Faith    .   (no shield)
rNeg    . . .      Spirit   .   i - +2 robe {Will+}
rPois   .          Reflect  .   (helmet restricted)
rElec   .          Harm     .   (no cloak)
rCorr   .          Rampage  .   (gloves unavailable)
Will    +++..      NoTele   +   (boots unavailable)
Stlth   +.........              (no amulet)
HPRegen 2.05/turn               d - ring of Hitui {rF+ rC+}
MPRegen 0.10/turn               (no ring)

@: strong-willed, on berserk cooldown, regenerating, hasted, slow
A: large, unfitting armour, claws 3, regeneration 1, shaggy fur 1, tough skin 1,
iridescent scales 1, deterioration 1, subdued magic 1
a: Renounce Religion, Berserk, Trog's Hand


You were in the Dungeon.
You worshipped Trog.
Trog was most pleased with you.
You visited 1 branch You collected 743 gold pieces.
You spent 482 gold pieces at shops.

Inventory:

Hand Weapons
 a - a +0 mace (weapon)
Armour
 b - a +0 animal skin
 i - a +2 robe of willpower (worn)
Jewellery
 d - the ring of Hitui (left claw) {rF+ rC+}
   (You bought it in a shop in the Dungeon)

   [ring of protection from fire]

   rF:        It protects you from fire.
   rC:        It protects you from cold.
Potions
 f - 2 potions of magic
 g - a potion of berserk rage


   Skills:
 + Level 10.0 Fighting
 + Level 12.2 Maces & Flails
 + Level 9.1 Dodging
 + Level 0.4 Stealth


You had 7 spell levels left.
You didn't know any spells.
Your spell library was empty.

Dungeon Overview and Level Annotations

Branches:
Dungeon (1/1)

Altars:
Cheibriados
Dithmenos
Elyvilon
Fedhas
Gozag
Hepliaklqana
Kikubaaqudgha
Makhleb
Nemelex Xobeh
Okawaru
Qazlal
Ru
Sif Muna
Trog
Uskayaw
Vehumet
Wu Jian
Xom
Yredelemnul
Zin
The Shining One
Jiyva
Lugonu

Shops:
D :=:[!!*[?![((=(

Annotations:
D exclusion: oklob plant, Roxanne


Innate Abilities, Weirdness & Mutations

You are too large for most types of armour.
You have claws for hands.
Your natural rate of healing is unusually fast.
You are covered in fur. (AC +1)
You have tough skin. (AC +1)
You are partially covered in iridescent scales. (AC +2)
Your body sometimes deteriorates upon taking damage.
Your spells are a little easier to cast, but a little less powerful.


Message History

A polar bear comes into view.
The manticore looks more healthy.
Your skin crawls.
You feel strong-willed.
Okay, then.
Why would you want to do that?
Okay, then.
Okay, then.
The manticore flicks its tail.
The volley of spikes misses you.
The elephant is engulfed in a cloud of scalding steam.
A hornet comes into view.
The hornet buzzes angrily.
The elephant is engulfed in a cloud of scalding steam.
You bludgeon the elephant!!
The elephant is heavily wounded.
The elephant tramples you.
* * * LOW HITPOINT WARNING * * *
You hold your ground!
The elephant trunk-slaps you but does no damage.
A yaktaur comes into view.
The yaktaur shouts!
You sock the elephant!
The elephant is severely wounded.
You hear an angry growl.
The skeletal warrior is engulfed in a cloud of scalding steam.
The skeletal warrior misses you.
The elephant is engulfed in a cloud of scalding steam.
The elephant tramples you but does no damage.
The elephant trunk-slaps you but does no damage.
You hit the elephant.
The elephant is severely wounded.
You feel yourself speed up.
The manticore is engulfed in a cloud of scalding steam.
The skeletal warrior is engulfed in a cloud of scalding steam.
The skeletal warrior hits you with a +0 scimitar!
* * * LOW HITPOINT WARNING * * *
The elephant is engulfed in a cloud of scalding steam.
The elephant tramples you!
You die...

#+.<.Y##.'..####.†##.#▓[
B##.##.#.#....###...##▓▓▓
#'###H##......≈c≈≈≈≈≈≈≈≈
###..####≈≈.§...≈#'#######
#.##..#≈≈≈≈§≈≈..≈#..._._._
##.#.##≈≈≈§§≈≈≈.≈#_._._._.
≈##+##≈≈≈≈≈≈≈≈§Hh#.y._._._
≈≈≈≈≈≈≈≈≈§§§§§≈Yz#h._._._.
+++#+++#≈§≈§≈≈≈H@#._._._..
.≈≈≈. ##§≈§###≈§#_._._..
.≈≈≈.≈..##≈§# #≈≈#._._..
.≈≈8≈≈≈≈.+≈≈# #≈§#.._...
≈.≈≈§§.≈##≈≈≈≈≈≈§#######
≈≈.≈..§## ######≈≈≈≈≈≈
###+#### ≈≈###≈#####
°≈≈≈##≈#


You could see an elephant, a skeletal warrior, 2 manticores, 2 polar bears, a
yaktaur and a hornet.

Vanquished Creatures
  4 neqoxecs (D)
  Menkaure (D)
  2 water moccasins (D)
  4 necrophages (D)
  A hell rat (D)
  3 worms (D)
15 creatures vanquished.

Vanquished Creatures (others)
  Kirke (D)
  A kobold demonologist (D)
2 creatures vanquished.

Grand Total: 17 creatures vanquished

Notes
Turn   | Place    | Note
-------+----------+-------------------------------------------
     0 | D        | Hipnos the Troll Berserker began the quest for the Orb.
     0 | D        | Reached XP level 1. HP: 22/22 MP: 0/0
     1 | D        | Noticed a boulder beetle
     1 | D        | Noticed a boulder beetle
    11 | D        | Reached skill level 3 in Maces & Flails
    36 | D        | Identified Roxanne's Teachings on Transfiguration
    36 | D        | Noticed Roxanne
    41 | D        | Reached ** piety under Trog
    42 | D        | Reached XP level 2. HP: 31/31 MP: 1/1
    50 | D        | Noticed a neqoxec
    50 | D        | Noticed a neqoxec
    56 | D        | Killed a neqoxec
    57 | D        | Reached skill level 5 in Fighting
    57 | D        | Reached skill level 6 in Maces & Flails
    57 | D        | Reached skill level 5 in Dodging
    57 | D        | Reached XP level 3. HP: 42/42 MP: 2/2
    57 | D        | Reached XP level 4. HP: 50/50 MP: 3/3
    57 | D        | Reached XP level 5. HP: 57/57 MP: 4/4
    63 | D        | Killed a neqoxec
    64 | D        | Reached skill level 7 in Maces & Flails
    64 | D        | Reached XP level 6. HP: 68/68 MP: 5/5
    66 | D        | Noticed a neqoxec
    66 | D        | Noticed a neqoxec
    68 | D        | Gained mutation: Your spells are a little easier to cast,
                  | but a little less powerful. [a neqoxec]
    72 | D        | Gained mutation: Your body sometimes deteriorates upon
                  | taking damage. [a neqoxec]
    77 | D        | Killed a neqoxec
    78 | D        | Reached skill level 8 in Maces & Flails
    78 | D        | Gained mutation: You are partially covered in iridescent
                  | scales. (AC +2) [a neqoxec]
    85 | D        | Killed a neqoxec
    85 | D        | Reached *** piety under Trog
    86 | D        | Reached skill level 9 in Maces & Flails
    86 | D        | Reached XP level 7. HP: 17/79 MP: 6/6
   148 | D        | Noticed Menkaure
   150 | D        | Found a glowing golden altar of the Shining One.
   150 | D        | Found an ornate altar of the Wu Jian Council.
   150 | D        | Found a stormy altar of Qazlal.
   152 | D        | Found a shimmering altar of Xom.
   152 | D        | Found a sacrificial altar of Ru.
   153 | D        | Killed Menkaure
   156 | D        | Found a basalt altar of Yredelemnul.
   156 | D        | Found a shimmering blue altar of Sif Muna.
   156 | D        | Found a viscous altar of Jiyva.
   169 | D        | Noticed an obsidian statue
   189 | D        | Found Icki's Antique Weapon Emporium.
   190 | D        | Found Kileo's Antique Weapon Emporium.
   190 | D        | Found Noemia's Jewellery Shoppe.
   191 | D        | Found Tuyw's Armour Shoppe.
   191 | D        | Found Eloqiph's Weapon Emporium.
   192 | D        | Found Xaelaxt's Distillery.
   193 | D        | Found Ihaozonk's Antique Armour Emporium.
   193 | D        | Found Wuipsor's Magic Scroll Shoppe.
   194 | D        | Found Homoumup's Distillery.
   194 | D        | Found Zanugob's Assorted Antiques.
   194 | D        | Noticed a shining eye
   195 | D        | Noticed a shining eye
   200 | D        | Found Ejal's Distillery.
   200 | D        | Found Mioskyo's Antique Armour Emporium.
   200 | D        | Noticed a shining eye
   200 | D        | Noticed an oklob plant
   201 | D        | Found Gugu's Jewellery Shoppe.
   201 | D        | Found Hunyt's Book Emporium.
   201 | D        | Found Qakhab's Book Shoppe.
   208 | D        | Noticed a wyvern
   209 | D        | Noticed a wyvern
   209 | D        | Noticed a wyvern
   213 | D        | Noticed a fire dragon
   215 | D        | Bought the ring of Hitui {rF+ rC+} for 390 gold pieces
   219 | D        | Bought an embroidered robe for 92 gold pieces
   274 | D        | Found a hazy altar of Hepliaklqana.
   276 | D        | Found a glowing silver altar of Zin.
   276 | D        | Found a bloodstained altar of Trog.
   276 | D        | Found an ancient bone altar of Kikubaaqudgha.
   276 | D        | Found a snail-covered altar of Cheibriados.
   285 | D        | Found a hide-covered altar of Uskayaw.
   285 | D        | Found a corrupted altar of Lugonu.
   285 | D        | Found a shadowy altar of Dithmenos.
   286 | D        | Found a radiant altar of Vehumet.
   286 | D        | Found a burning altar of Makhleb.
   286 | D        | Found a white marble altar of Elyvilon.
   287 | D        | Found a sparkling altar of Nemelex Xobeh.
   287 | D        | Found a blossoming altar of Fedhas.
   288 | D        | Found an iron altar of Okawaru.
   288 | D        | Found an opulent altar of Gozag.
   308 | D        | Reached **** piety under Trog
   309 | D        | Reached skill level 10 in Maces & Flails
   377 | D        | Reached ***** piety under Trog
   378 | D        | Reached XP level 8. HP: 80/92 MP: 7/7
   388 | D        | Noticed Kirke
   388 | D        | Noticed a kobold demonologist
   388 | D        | Noticed a skeletal warrior
   388 | D        | Noticed a yaktaur captain
   403 | D        | Noticed an elephant
   403 | D        | Noticed a manticore
   428 | D        | Noticed a lindwurm
   429 | D        | Noticed a sphinx
   429 | D        | Killed Kirke
   430 | D        | Reached skill level 10 in Fighting
   430 | D        | Reached skill level 12 in Maces & Flails
   439 | D        | Killed a kobold demonologist
   443 | D        | Noticed a manticore
   445 | D        | Noticed a polar bear
   446 | D        | Noticed a polar bear
   450 | D        | Noticed a hornet
   452 | D        | Noticed a yaktaur
   454 | D        | Slain by an elephant

Illustrated notes

Levels and vault maps discovered:
D:        the_violet_keep_of_menkaure [sprint2_stairs_cluster_1,
          sprint2_shoproom, sprint2_temple, sprint2_basic_supplies,
          sprint2_obstacle_6, sprint2_obstacle_5, sprint2_obstacle_3,
          sprint2_obstacle_2, sprint2_obstacle_4, sprint2_timed_cluster_1,
          sprint2_smallroom_cluster_1, sprint2_smallroom_final_cluster_1,
          sprint2_transparent_cluster_1, sprint2_second_timed_cluster_1,
          sprint2_sniper_area_1, sprint2_heavy_combat_area_1,
          sprint2_mutation_trap_area_1, sprint2_forest_area_1,
          sprint2_light_combat_area_1, sprint2_behind_water_1,
          sprint2_near_end_vault_1]

Skill      XL: |  1  2  3  4  5  6  7  8 |
---------------+-------------------------+-----
Maces & Flails | 3 6 7 9 10 12 | 12.2
Fighting       | 3 5 6 7 9 10 | 10.0
Dodging        | 3 5 6 7 8 9 |  9.1
Stealth        | |  0.4

Action                   |  1- 3 |  4- 6 |  7- 9 || total
-------------------------+-------+-------+-------++-------
Melee: Mace              |    12 |    24 |   100 ||   136
       Punch             |       |     1 |     2 ||     3
Invok: Berserk           |     2 |       |     2 ||     4
       Trog's Hand       |       |     1 |     4 ||     5
       Brothers in Arms  |       |       |     1 ||     1
  Use: Potion            |       |     1 |     2 ||     3
       Scroll            |       |       |     1 ||     1
Armor: Animal skin       |     1 |     2 |     7 ||    10
       Robe              |       |       |    28 ||    28
Dodge: Dodged            |     4 |     6 |    41 ||    51

Table legend: (Time is in decaauts)
 A = Elapsed time spent in this place.
 B = Non-inter-level travel time spent in this place.
 C = Inter-level travel time spent in this place.
 D = Time resting spent in this place.
 E = Time spent auto-exploring this place.
 F = Levels seen in this place.
 G = Mean time per level.
                   A        B        C        D        E       F      G
               +--------+--------+--------+--------+--------+-----+--------+
         Total |    488 |    488 |      0 |    103 |      0 |   1 |  488.0 |
       Dungeon |    488 |    488 |      0 |    103 |      0 |   1 |  488.0 |
               +--------+--------+--------+--------+--------+-----+--------+

Top non-repeatable levels by time:
       D: 488 daAuts
